 Dungeon Crawl Stone Soup version 0.29.1-13-g9f3cf754e1 (webtiles) character file.

Game seed: 16946004962260252152

46 Kake the Firebug (level 3, -2/27 HPs)
             Began as a Hill Orc Fire Elementalist on Feb 6, 2023.
             Slain by Robin
             ... wielding a +0 short sword
              (3 damage)
             ... on level 2 of the Dungeon.
             The game lasted 00:15:01 (2136 turns).

Kake the Firebug (Hill Orc Fire Elementalist)       Turns: 2136, Time: 00:15:01

Health: -2/27      AC:  6    Str: 10    XL:     3   Next: 66%
Magic:  2/5        EV: 13    Int: 17    God:
Gold:   38         SH:  3    Dex: 11    Spells: 4/5 levels left

rFire   . . .      SeeInvis .   n - +0 short sword
rCold   . . .      Faith    .   i - +0 buckler
rNeg    . . .      Spirit   .   j - +0 ring mail
rPois   .          Reflect  .   (no helmet)
rElec   .          Harm     .   (no cloak)
rCorr   .          Rampage  .   (no gloves)
Will    .....                   l - +0 pair of boots
Stlth   +.........              (no amulet)
HPRegen 0.09/turn               c - +4 ring of evasion
MPRegen 0.09/turn               (no ring)

@: brilliant
A: no striking features
a: no special abilities


You were on level 2 of the Dungeon.
You visited 1 branch of the dungeon, and saw 2 of its levels.

You collected 38 gold pieces.

Inventory:

Hand Weapons
 d - a +0 dagger
 n - a +0 short sword (weapon)
Missiles
 f - 4 stones
Armour
 a - a +0 robe
 i - a +0 buckler (worn)
 j - a +0 ring mail (worn)
 l - a +0 pair of boots (worn)
Jewellery
 c - a +4 ring of evasion (left hand)
Wands
 m - a wand of paralysis (1)
Scrolls
 e - a scroll of identify
 h - a scroll of magic mapping
 k - a scroll of noise {unknown}
Potions
 b - a potion of magic


   Skills:
 + Level 0.7 Fighting
 + Level 0.3 Armour
 + Level 1.7 Dodging
 + Level 1.7 Stealth
 + Level 0.1 Shields
 + Level 1.7 Spellcasting
 * Level 1.5 Conjurations
 + Level 4.2 Fire Magic


You had 4 spell levels left.
You knew the following spells:

 Your Spells              Type           Power      Damage    Failure   Level
a - Foxfire               Conj/Fire      64%        2x1d7     22%         1

Your spell library contained the following spells:

 Spells                   Type           Power      Damage    Failure   Level
 Scorch                   Fire           46%        2d7       19%         2
 Conjure Flame            Conj/Fire      16%        6-21      54%         3
 Inner Flame              Hex/Fire       12%        N/A       65%         3
 Tukima's Dance           Hex            2%         N/A       91%         3
 Flame Wave               Conj/Fire      16%        2d7       91%         4
 Passage of Golubria      Tloc           2%         N/A       100%        4
 Yara's Violent Unravell  Hex/Tmut       1%         3d3       100%        5


Dungeon Overview and Level Annotations

Branches:
Dungeon (2/15)

Altars:

Annotations:
D:2 Robin


Message History

The goblin is heavily wounded.
Robin hits you with a +0 short sword.
The hobgoblin hits you but does no damage.
The goblin closely misses you.
Casting: Foxfire (safe; 22% risk of failure)
Press: ? - help, Q - select action, (/) - cycle Dir - look around, f - activate You conjure some foxfire!
Robin hits you with a +0 short sword. The hobgoblin hits you.
The goblin hits you but does no damage.
You hit Robin.
Robin is heavily wounded.
The foxfire hits the goblin.
You kill the goblin!
The foxfire hits Robin but does no damage.
Robin is heavily wounded.
Robin barely misses you. You block the hobgoblin's attack.
Casting: Foxfire (safe; 22% risk of failure)
Press: ? - help, Q - select action, (/) - cycle Dir - look around, f - activate You conjure some foxfire!
You block Robin's attack. The hobgoblin hits you.
* * * LOW HITPOINT WARNING * * *
You barely miss Robin.
Robin is heavily wounded.
The foxfire hits Robin but does no damage.
Robin is heavily wounded.
The foxfire hits Robin.
Robin is almost dead.
Robin hits you with a +0 short sword.
* * * LOW HITPOINT WARNING * * *
You block the hobgoblin's attack.
It was a potion of brilliance.
You feel clever all of a sudden. Robin hits you but does no damage.
The hobgoblin misses you.
Aiming: Paralyse
Press: ? - help, Shift-Dir - straight line, f - Robin
Aim: Robin, wielding a +0 short sword, wearing a +0 animal skin and wearing a +2 helmet of intelligence (almost dead, chance to affect: 57%) Robin resists with significant effort.
Robin completely misses you. You block the hobgoblin's attack.
Robin attacks as you move away! Robin hits you with a +0 short sword.
You die...

#.##..##.##.....##
####.# #. .###.
##...## #.# #. .# #.
##'## #.# #. .. #.#
#.# ## # #.# #.#
##.## #.# ##...##
#....[#
##.@..########
.########g).........
......).)g.#########
############


You could see Robin and a hobgoblin (strong).

Vanquished Creatures
  An adder (D:2)
  A worm (D:2)
  A dart slug (D:1)
  4 bats
  An endoplasm (D:1)
  2 giant cockroaches (D:2)
  5 goblins
  A hobgoblin (D:2)
  A jackal (D:2)
  4 ball pythons
  3 frilled lizards
  3 kobolds
  5 rats
32 creatures vanquished.

Vanquished Creatures (others)
  A kobold (D:1)
  17 foxfires
18 creatures vanquished.

Grand Total: 50 creatures vanquished

Notes
Turn   | Place    | Note
-------+----------+-------------------------------------------
     0 | D:1      | Kake the Hill Orc Fire Elementalist began the quest for the
                  | Orb.
     0 | D:1      | Reached XP level 1. HP: 14/14 MP: 3/3
   527 | D:1      | Reached XP level 2. HP: 17/20 MP: 4/4
  1322 | D:2      | Reached skill level 4 in Fire Magic
  1322 | D:2      | Reached XP level 3. HP: 12/26 MP: 0/5
  2113 | D:2      | Noticed Robin
  2132 | D:2      | HP: 1/27 [Robin/+0 short sword (3)]
  2136 | D:2      | Slain by Robin

Illustrated notes

Levels and vault maps discovered:
D:1:      lightli_arrival_isolated_outpost, layout_basic, serial_park_tiny_1
D:2:      minmay_inner_zag, layout_loops_corners, hangedman_glass_teeth,
          uniq_robin

Skill      XL: |  1  2 |
---------------+-------+-----
Fire Magic     | 4 |  4.2
Fighting       | |  0.7
Armour         | |  0.3
Dodging        | |  1.7
Stealth        | |  1.7
Shields        | |  0.1
Spellcasting   | |  1.7
Conjurations   | |  1.5

Action                   || total
-------------------------++-------
Melee: Dagger            ||   129
       Short sword       ||    22
 Cast: Foxfire           ||     9
Evoke: Wand              ||     1
  Use: Potion            ||     3
       Scroll            ||     2
 Stab: Sleeping          ||     1
Armor: Robe              ||    12
       Ring mail         ||    40
Dodge: Dodged            ||   148
Block: Buckler           ||    20
